[Event "ICC tourney 2803 (60 5)"]
[Site "Internet Chess Club"]
[Date "2022.01.22"]
[Round "1"]
[White "Movahed, Sina:challenger2010"]
[Black "BOGIN, THEODORE:tbogin1"]
[Result "1-0"]
[ICCResult "Black resigns"]
[WhiteElo "2100"]
[BlackElo "1492"]
[Opening "Sicilian: Canal-Sokolsky (Nimzovich-Rossolimo, Moscow) attack"]
[ECO "B51"]
[NIC "SI.01"]
[Time "11:00:31"]
[PlyCount "35"]
[TimeControl "3600+5"]

1. e4 c5 2. Nf3 d6 3. Bb5+ Nc6 4. O-O g6 5. c3 Bg7 6. d4 cxd4 7. cxd4 Bd7 8.
h3 Nf6 9. e5 dxe5 10. Bxc6 Bxc6 11. Nxe5 Bd5 12. Qa4+ Nd7 13. Nc3 Be6 14. d5
Bxe5 15. dxe6 fxe6 16. Rd1 Bd6 17. Bg5 a6 18. Rxd6 {Black resigns} 1-0

[Event "ICC tourney 2803 (60 5)"]
[Site "Internet Chess Club"]
[Date "2022.01.22"]
[Round "1"]
[White "SRIPADA, HAVISH:brilliantnessme"]
[Black "Belous, Vladimir:Openyagami"]
[Result "0-1"]
[ICCResult "White checkmated"]
[WhiteElo "1925"]
[BlackElo "2577"]
[Opening "Sicilian: Labourdonnais-Löwenthal (Kalashnikov) variation"]
[ECO "B32"]
[NIC "SI.32"]
[Time "11:00:33"]
[PlyCount "80"]
[TimeControl "3600+5"]

1. e4 c5 2. Nf3 Nc6 3. d4 cxd4 4. Nxd4 e5 5. Nb5 d6 6. c4 g6 7. N1c3 a6 8.
Na3 Be6 9. Be2 Bg7 10. O-O Nge7 11. Be3 Nd4 12. Nc2 Nxe2+ 13. Qxe2 Rc8 14.
b3 b5 15. cxb5 Rxc3 16. bxa6 O-O 17. Na3 d5 18. Bd2 Rc8 19. Bb4 Re8 20. Rfd1
Nc6 21. Bc5 Nd4 22. Bxd4 exd4 23. e5 Bf5 24. f4 d3 25. Qf2 Qa5 26. Nb1 Bf8
27. Kh1 Rc2 28. Nd2 Bb4 29. a7 Bxd2 30. Qg1 Be4 31. a3 Bxf4 32. b4 Rxg2 33.
Qxg2 Qxa7 34. Rxd3 Bxg2+ 35. Kxg2 Rxe5 36. Rf1 Re2+ 37. Kf3 Qe7 38. Kxf4
Qe4+ 39. Kg5 h6+ 40. Kf6 Qe5# {White checkmated} 0-1

[Event "ICC tourney 2803 (60 5)"]
[Site "Internet Chess Club"]
[Date "2022.01.22"]
[Round "1"]
[White "MITRABHA, GUHA:babysnake"]
[Black "OPASKA, MICHAEL:mopaska1106"]
[Result "1-0"]
[ICCResult "Black resigns"]
[WhiteElo "2470"]
[BlackElo "1874"]
[Opening "QGD: Tarrasch, Prague variation, 9.Bg5"]
[ECO "D30"]
[NIC "TD.03"]
[Time "11:01:23"]
[PlyCount "33"]
[TimeControl "3600+5"]

1. d4 d5 2. c4 e6 3. Nf3 c5 4. g3 Nc6 5. Bg2 Nf6 6. cxd5 exd5 7. O-O Be7 8.
Nc3 O-O 9. Bg5 cxd4 10. Nxd4 h6 11. Be3 Re8 12. h3 Bf8 13. Qd2 a5 14. Rfd1
Ne4 15. Nxc6 Nxd2 16. Nxd8 Nc4 17. Rxd5 {Black resigns} 1-0

[Event "ICC tourney 2803 (60 5)"]
[Site "Internet Chess Club"]
[Date "2022.01.22"]
[Round "1"]
[White "LIANG, ETHAN Y:ELCCEthan488"]
[Black "IVANOV, ALEXANDER:marble"]
[Result "0-1"]
[ICCResult "White resigns"]
[WhiteElo "1870"]
[BlackElo "2396"]
[Opening "Modern defense"]
[ECO "A40"]
[NIC "QO.17"]
[Time "11:01:06"]
[PlyCount "58"]
[TimeControl "3600+5"]

1. d4 g6 2. c4 Bg7 3. Nc3 c5 4. d5 d6 5. e4 e6 6. Be3 exd5 7. cxd5 a6 8. a4
Ne7 9. Bd3 O-O 10. Nf3 Bg4 11. h3 Bxf3 12. Qxf3 Nd7 13. O-O f5 14. Bg5 Ne5
15. Qe2 f4 16. f3 h6 17. Bh4 g5 18. Bf2 N7g6 19. Kh1 h5 20. g4 fxg3 21. Bxg3
Nf4 22. Bxf4 Rxf4 23. Kg2 Qf6 24. Nd1 Rf8 25. Ne3 Rxf3 26. Rxf3 Qxf3+ 27.
Kh2 Nxd3 28. Qxd3 Be5+ 29. Kg1 Qg3+ {White resigns} 0-1

[Event "ICC tourney 2803 (60 5)"]
[Site "Internet Chess Club"]
[Date "2022.01.22"]
[Round "1"]
[White "GU, MINGHAO:mancogu"]
[Black "YAN, RUIYANG:jy2020"]
[Result "0-1"]
[ICCResult "White resigns"]
[WhiteElo "1702"]
[BlackElo "2172"]
[Opening "Sicilian: Najdorf, 6.Bg5"]
[ECO "B94"]
[NIC "SI.04"]
[Time "11:01:23"]
[PlyCount "38"]
[TimeControl "3600+5"]

1. e4 c5 2. Nf3 d6 3. d4 cxd4 4. Nxd4 Nf6 5. Nc3 a6 6. Bg5 Nbd7 7. f4 e5 8.
Nf5 Qb6 9. Qd2 Qxb2 10. Rb1 Qa3 11. Nd5 Nxd5 12. Qxd5 Qc3+ 13. Kd1 Qc6 14.
Qd2 f6 15. Bh4 Nc5 16. Bd3 Nxe4 17. Bxe4 Qxe4 18. Nxd6+ Bxd6 19. Qxd6 Bf5
{White resigns}
0-1

[Event "ICC tourney 2803 (60 5)"]
[Site "Internet Chess Club"]
[Date "2022.01.22"]
[Round "1"]
[White "DORASZELSKI, ALEXANDER:alexdora"]
[Black "RAM, JAIKRISHNAN:jairam09"]
[Result "1-0"]
[ICCResult "Black resigns"]
[WhiteElo "2150"]
[BlackElo "1691"]
[Opening "Robatsch defense"]
[ECO "B06"]
[NIC "KF.05"]
[Time "11:01:20"]
[PlyCount "61"]
[TimeControl "3600+5"]

1. e4 g6 2. d4 Bg7 3. Nc3 a6 4. Be3 b5 5. Qd2 d6 6. O-O-O e6 7. Kb1 Nd7 8.
f3 Bb7 9. h4 h6 10. h5 g5 11. Nh3 Qe7 12. Nf2 c5 13. dxc5 dxc5 14. f4 b4 15.
Ne2 gxf4 16. Bxf4 e5 17. Be3 O-O-O 18. Ng3 Kb8 19. Nf5 Qf8 20. Nxg7 Qxg7 21.
Qd6+ Ka8 22. Bxa6 Ngf6 23. Bxb7+ Kxb7 24. Nd3 Qxg2 25. Nxc5+ Nxc5 26. Qxc5
Qxe4 27. Qb6+ Kc8 28. Qa6+ Qb7 29. Qxf6 Rd7 30. Qxh8+ Kc7 31. Qxe5+
{Black resigns}
1-0

[Event "ICC tourney 2803 (60 5)"]
[Site "Internet Chess Club"]
[Date "2022.01.22"]
[Round "1"]
[White "Kodarapu, Ishaan:pika0008"]
[Black "DEMCHENKO, ANTON:Falstaf"]
[Result "0-1"]
[ICCResult "White checkmated"]
[WhiteElo "1973"]
[BlackElo "2654"]
[Opening "English opening"]
[ECO "A20"]
[NIC "EO.24"]
[Time "11:00:35"]
[PlyCount "56"]
[TimeControl "3600+5"]

1. c4 e5 2. g3 Nc6 3. Bg2 Bc5 4. Nc3 a6 5. a3 d6 6. e3 Ba7 7. Nge2 h5 8. O-O
h4 9. b4 hxg3 10. fxg3 Nf6 11. Nd5 Nxd5 12. Bxd5 Be6 13. Bxe6 fxe6 14. Qc2
Qg5 15. Qe4 O-O-O 16. Bb2 Kb8 17. Qg2 Ne7 18. a4 Nf5 19. a5 Qg4 20. Rfc1
Nxe3 21. dxe3 Bxe3+ 22. Kf1 Rdf8+ 23. Ke1 Rf2 24. Qxf2 Bxf2+ 25. Kxf2 Rxh2+
26. Kg1 Qxe2 27. Rc2 Qxc2 28. Bd4 Qg2# {White checkmated} 0-1

[Event "ICC tourney 2803 (60 5)"]
[Site "Internet Chess Club"]
[Date "2022.01.22"]
[Round "1"]
[White "JIN, JERRY:MysteryHunter"]
[Black "NGUYEN, TIEN:ngthanhthuytien"]
[Result "0-1"]
[ICCResult "White resigns"]
[WhiteElo "1622"]
[BlackElo "2103"]
[Opening "Sicilian: Najdorf"]
[ECO "B90"]
[NIC "SI.14"]
[Time "11:01:24"]
[PlyCount "64"]
[TimeControl "3600+5"]

1. e4 c5 2. Nf3 d6 3. d4 cxd4 4. Nxd4 Nf6 5. Nc3 a6 6. Bd3 e6 7. O-O Qc7 8.
h3 b5 9. a3 Bb7 10. Re1 Nbd7 11. Nf3 Be7 12. Bf4 O-O 13. Bg3 Rac8 14. Qd2
Nh5 15. Bh2 Bf6 16. Nd1 g6 17. Rb1 Rfd8 18. Ne3 Bg7 19. c4 bxc4 20. Nxc4 Nc5
21. b3 Qe7 22. b4 Nxd3 23. Qxd3 d5 24. exd5 Rxd5 25. Qb3 Rf5 26. Nd6 Rxf3
27. gxf3 Rc3 28. Qa2 Qg5+ 29. Bg3 Nxg3 30. fxg3 Qxg3+ 31. Qg2 Bd4+ 32. Kf1
Rxf3+ {White resigns} 0-1

[Event "ICC tourney 2803 (60 5)"]
[Site "Internet Chess Club"]
[Date "2022.01.22"]
[Round "1"]
[White "REISS, AIDEN:K09-16581243"]
[Black "WILSON, MATTHEW R:roamingmatt"]
[Result "1-0"]
[ICCResult "Black resigns"]
[WhiteElo "1817"]
[BlackElo "2200"]
[Opening "Petrov: modern attack, Symmetrical variation"]
[ECO "C43"]
[NIC "RG.02"]
[Time "11:07:54"]
[PlyCount "37"]
[TimeControl "3600+5"]

1. e4 e5 2. Nf3 Nf6 3. d4 Nxe4 4. dxe5 d5 5. Nbd2 f5 6. Be2 Be7 7. O-O O-O
8. c4 d4 9. Nxe4 fxe4 10. Nxd4 c5 11. Nb5 Nc6 12. Nc3 Qxd1 13. Rxd1 Bf5 14.
Nd5 Bd8 15. Be3 b6 16. g4 Bg6 17. e6 Re8 18. Nf4 Rxe6 19. Nxe6 {Black
resigns} 1-0

[Event "ICC tourney 2803 (60 5)"]
[Site "Internet Chess Club"]
[Date "2022.01.22"]
[Round "1"]
[White "LODH, ANISH:KnightHawk8"]
[Black "YANG, KAIQI:YKQ"]
[Result "0-1"]
[ICCResult "White forfeits on time"]
[WhiteElo "1895"]
[BlackElo "2531"]
[Opening "Two knights defense (Modern bishop's opening)"]
[ECO "C55"]
[NIC "IG.01"]
[Time "11:01:23"]
[PlyCount "40"]
[TimeControl "3600+5"]

1. e4 e5 2. Nf3 Nc6 3. Bc4 Nf6 4. d3 h6 5. Nc3 Bc5 6. O-O d6 7. Ne2 Bg4 8.
c3 Bxf3 9. gxf3 Nh5 10. Ng3 Qh4 11. Nxh5 Qxh5 12. f4 Qh3 13. Qe2 exf4 14.
Bxf4 g5 15. Be3 Ne5 16. f3 g4 17. Bxc5 gxf3 18. Bxf7+ Kxf7 19. Bd4 Rhg8+ 20.
Kh1 Ke7 {White forfeits on time} 0-1

[Event "ICC tourney 2803 (60 5)"]
[Site "Internet Chess Club"]
[Date "2022.01.22"]
[Round "1"]
[White "Nguyen, Hoa Duc:leoman"]
[Black "LI, DAVID TONGJIA:UltimateDL"]
[Result "1-0"]
[ICCResult "Black checkmated"]
[WhiteElo "2506"]
[BlackElo "1886"]
[Opening "Queen's gambit accepted"]
[ECO "D20"]
[NIC "QG.03"]
[Time "11:01:21"]
[PlyCount "105"]
[TimeControl "3600+5"]

1. d4 d5 2. c4 dxc4 3. e3 e5 4. Nf3 exd4 5. Qxd4 Nc6 6. Qxd8+ Nxd8 7. Bxc4
Be6 8. Bb5+ c6 9. Be2 Bb4+ 10. Bd2 Bxd2+ 11. Nbxd2 Nf6 12. Nd4 Bd5 13. f3
O-O 14. e4 c5 15. exd5 cxd4 16. Bc4 b5 17. Bb3 Nb7 18. a4 b4 19. Rc1 Rac8
20. Rxc8 Rxc8 21. Ke2 Nc5 22. Rc1 Re8+ 23. Kf1 Nd3 24. Rd1 Nxb2 25. Rb1 Nd3
26. Bc4 Nf4 27. Rxb4 d3 28. d6 N4d5 29. Bxd5 Nxd5 30. Rd4 Ne3+ 31. Kf2 Nd1+
32. Kg3 Nb2 33. Rb4 Nd1 34. Rb3 Ne3 35. Rxd3 Nf5+ 36. Kf4 g6 37. Ne4 Rd8 38.
g4 Ng7 39. Nf6+ Kf8 40. Nxh7+ Ke8 41. Nf6+ Kf8 42. Ke5 Ne6 43. Rc3 Kg7 44.
h4 Kf8 45. Rc4 Ng7 46. h5 Ne8 47. d7 Nxf6 48. Kxf6 Kg8 49. Rc8 Kh7 50. hxg6+
fxg6 51. Rxd8 g5 52. Re8 Kh6 53. Rh8# {Black checkmated} 1-0

[Event "ICC tourney 2803 (60 5)"]
[Site "Internet Chess Club"]
[Date "2022.01.22"]
[Round "1"]
[White "CRG, Krishna:crg"]
[Black "LIANG, YU-CHENG:Yucheng"]
[Result "1-0"]
[ICCResult "Black resigns"]
[WhiteElo "2562"]
[BlackElo "1916"]
[Opening "Queen's Indian: old main line, 6.O-O"]
[ECO "E17"]
[NIC "QP.11"]
[Time "11:02:46"]
[PlyCount "115"]
[TimeControl "3600+5"]

1. Nf3 Nf6 2. g3 e6 3. d4 b6 4. Bg2 Bb7 5. O-O Be7 6. c4 O-O 7. Qc2 c5 8.
Nc3 cxd4 9. Nxd4 Bxg2 10. Kxg2 Qc8 11. b3 d5 12. cxd5 Bc5 13. Qd3 Bb4 14.
Ne4 Nxd5 15. Bb2 Qb7 16. Kg1 Nd7 17. Ng5 N5f6 18. Rfd1 Be7 19. Rac1 Rac8 20.
Nb5 Nc5 21. Qb1 Nce4 22. Nxe4 Nxe4 23. Rxc8 Rxc8 24. Nxa7 Qxa7 25. Qxe4 Qxa2
26. Qb7 Re8 27. Qd7 Qa8 28. Bd4 Bc5 29. Bxc5 bxc5 30. Rd3 Rf8 31. Qe7 Qa5
32. Kg2 h6 33. h4 Qa8+ 34. Rf3 Qd5 35. Kh2 Qc6 36. Qa7 Qd5 37. Qc7 Qd4 38.
Rf4 Qd1 39. Qe5 Qd5 40. Qc3 Rb8 41. Rg4 e5 42. Rc4 f6 43. Qc2 Rb5 44. b4
Rxb4 45. Rxc5 Qe4 46. Qa2+ Kh7 47. Rc8 Rb1 48. f3 Qf5 49. Qg8+ Kg6 50. Qe8+
Kh7 51. Qg8+ Kg6 52. Rc7 Rh1+ 53. Kxh1 Qh3+ 54. Kg1 Qxg3+ 55. Kf1 Qh3+ 56.
Kf2 Qxh4+ 57. Kg2 Qg5+ 58. Kf1 {Black resigns} 1-0

[Event "ICC tourney 2803 (60 5)"]
[Site "Internet Chess Club"]
[Date "2022.01.22"]
[Round "1"]
[White "WU, WILLIAM:K09-15782241"]
[Black "HEBDEN, MARK L:mhebden"]
[Result "0-1"]
[ICCResult "White resigns"]
[WhiteElo "1875"]
[BlackElo "2505"]
[Opening "Two knights defense (Modern bishop's opening)"]
[ECO "C55"]
[NIC "IG.01"]
[Time "11:00:40"]
[PlyCount "137"]
[TimeControl "3600+5"]

1. e4 e5 2. Nf3 Nc6 3. Bc4 Nf6 4. d3 Be7 5. O-O O-O 6. Re1 d6 7. c3 Na5 8.
Bb5 a6 9. Ba4 b5 10. Bc2 c5 11. d4 cxd4 12. cxd4 Qc7 13. h3 Nc6 14. Nc3 Nxd4
15. Nxd4 exd4 16. Qxd4 Be6 17. Bf4 Nd7 18. Rac1 Qb6 19. Be3 Qxd4 20. Bxd4
Rfc8 21. f4 b4 22. Nd5 Bxd5 23. exd5 Bf6 24. Bxf6 Nxf6 25. Ba4 Rxc1 26. Rxc1
Nxd5 27. Rc6 Nxf4 28. Rxd6 Kf8 29. Rd7 Ng6 30. Bb3 Ne5 31. Rb7 a5 32. a3 a4
33. Bd5 Ra5 34. Be4 b3 35. Rc7 g6 36. g4 g5 37. Kf2 Ng6 38. Ke3 Nf4 39. h4
Ne6 40. Rc8+ Ke7 41. h5 h6 42. Rh8 Re5 43. Rxh6 Nc5 44. Kd4 Rxe4+ 45. Kxc5
Rxg4 46. Ra6 Rh4 47. h6 Rh2 48. Rxa4 Rxh6 49. Rg4 Kf6 50. Rg3 Kf5 51. Rxb3
g4 52. Rg3 Kg5 53. b4 f5 54. b5 f4 55. Rg1 f3 56. Rf1 Kf4 57. b6 g3 58. b7
Rh8 59. Rh1 Rb8 60. Kc6 g2 61. Rh4+ Kg3 62. Rh7 f2 63. Rg7+ Kh2 64. Rxg2+
Kxg2 65. Kc7 Rf8 66. a4 f1=Q 67. a5 Qb5 68. a6 Qc5+ 69. Kd7 {White resigns}
0-1

[Event "ICC tourney 2803 (60 5)"]
[Site "Internet Chess Club"]
[Date "2022.01.22"]
[Round "1"]
[White "GUIPI BOPALA, PRINCE ERIC:bopala"]
[Black "CALHOUN, LUKE:Alacritous"]
[Result "1/2-1/2"]
[ICCResult "Black stalemated"]
[WhiteElo "1850"]
[BlackElo "2231"]
[Opening "Queen's pawn: Franco-Indian (Keres) defense"]
[ECO "A40"]
[NIC "QO.17"]
[Time "11:01:23"]
[PlyCount "123"]
[TimeControl "3600+5"]

1. d4 e6 2. c4 Bb4+ 3. Bd2 a5 4. Nf3 d6 5. e3 Nd7 6. Bd3 e5 7. a3 Bxd2+ 8.
Qxd2 Ngf6 9. Nc3 O-O 10. O-O Re8 11. Qc2 Qe7 12. Ng5 h6 13. Nge4 Nxe4 14.
Nd5 Qd8 15. Bxe4 c6 16. Nc3 Nf6 17. Bf5 exd4 18. exd4 Bxf5 19. Qxf5 Qb6 20.
Qd3 Re7 21. h3 Rae8 22. b4 axb4 23. axb4 Ne4 24. Rae1 f5 25. Nxe4 Rxe4 26.
Rxe4 Rxe4 27. Ra1 Qxd4 28. Ra8+ Kf7 29. Qf3 Qe5 30. g3 Re1+ 31. Kh2 Qe4 32.
Qxe4 Rxe4 33. Ra7 Rxc4 34. Rxb7+ Kf6 35. Kg2 Rc3 36. Rd7 d5 37. Rc7 d4 38.
Kf1 d3 39. Ke1 Rc2 40. f4 Ke6 41. Rxg7 Kd5 42. Rd7+ Kc4 43. Rd6 Kxb4 44.
Rxd3 Rc3 45. Rxc3 Kxc3 46. g4 Kd4 47. gxf5 Kd5 48. Kd2 Kd6 49. Kc3 Ke7 50.
Kd4 Kf6 51. Kc5 Kxf5 52. Kxc6 Kxf4 53. Kd5 Kg3 54. Ke4 h5 55. h4 Kxh4 56.
Kf4 Kh3 57. Kf3 Kh2 58. Kf2 h4 59. Kf1 h3 60. Kf2 Kh1 61. Kf1 h2 62. Kf2
{Black stalemated}
1/2-1/2

[Event "ICC tourney 2803 (60 5)"]
[Site "Internet Chess Club"]
[Date "2022.01.22"]
[Round "1"]
[White "Vikas, Hema:madscience08"]
[Black "TANG, ZOEY:WonderZ"]
[Result "0-1"]
[ICCResult "White resigns"]
[WhiteElo "1407"]
[BlackElo "2085"]
[Opening "Sicilian"]
[ECO "B50"]
[NIC "SI.01"]
[Time "11:00:37"]
[PlyCount "196"]
[TimeControl "3600+5"]

1. e4 c5 2. Nf3 d6 3. g3 Nf6 4. d3 g6 5. Bg2 Nc6 6. O-O Bg7 7. c3 O-O 8. Re1
e5 9. Nbd2 Nh5 10. Nf1 f5 11. Bg5 Nf6 12. Qd2 Qd7 13. exf5 gxf5 14. h4 Ng4
15. N3h2 Qf7 16. Nxg4 fxg4 17. Re2 Bf5 18. Ne3 Be6 19. Nc4 d5 20. Nd6 Qd7
21. Nb5 Nd8 22. Na3 Nf7 23. h5 Nxg5 24. Qxg5 h6 25. Qe3 Rac8 26. Rae1 Rf5
27. c4 Rxh5 28. cxd5 Bxd5 29. Nc4 Rd8 30. Bxd5+ Qxd5 31. Qe4 Rg5 32. Ne3 Qd7
33. Qc4+ Kh8 34. Rd1 b6 35. Ng2 Qd4 36. Qf7 Qd7 37. Qc4 Qf5 38. Nh4 Qf6 39.
Qa4 a5 40. Re4 h5 41. Re2 Bh6 42. Qe4 Re8 43. Qa4 Rd8 44. Qe4 Re8 45. Qa4
Qf7 46. Rde1 Bg7 47. Qb5 Re6 48. Qa6 Bf6 49. Qa8+ Rg8 50. Qe4 Bxh4 51. gxh4
Qf6 52. Qd5 Rge8 53. Qh1 R6e7 54. Re4 Kg7 55. Qh2 Qf5 56. Qg3 Kf6 57. Qe3
Kg7 58. Qg3 Qf6 59. R1e3 Kh7 60. Kg2 Re6 61. Kh2 Qf5 62. Kg2 R6e7 63. Kh2
Rf7 64. Kg2 Ref8 65. Re2 Qf3+ 66. Kh2 Qxg3+ 67. Kxg3 Rf3+ 68. Kg2 Rxd3 69.
Rxe5 Kh6 70. Re6+ Kg7 71. Re7+ Rf7 72. R7e5 a4 73. Rxh5 a3 74. Rg5+ Kf6 75.
b3 Rd4 76. Rge5 Rd6 77. h5 Rh7 78. Kg3 Rg7 79. h6 Rh7 80. Rh5 Kg6 81. Ree5
Rxh6 82. Reg5+ Kh7 83. Rxh6+ Kxh6 84. Kxg4 Rd2 85. Rh5+ Kg6 86. Rg5+ Kf6 87.
Rf5+ Ke6 88. Kg5 Rxa2 89. Rf6+ Ke5 90. f4+ Kd4 91. Rxb6 Rg2+ 92. Kh6 a2 93.
Ra6 Kc3 94. Ra3 Kb2 95. Rxa2+ Kxa2 96. f5 Kxb3 97. f6 c4 98. f7 Rf2
{White resigns}
0-1

[Event "ICC tourney 2803 (60 5)"]
[Site "Internet Chess Club"]
[Date "2022.01.22"]
[Round "1"]
[White "CHEN, RYO WENYU:e4f5"]
[Black "TANG, AUSTIN:Mrpeetapizza"]
[Result "1-0"]
[ICCResult "Black resigns"]
[WhiteElo "2282"]
[BlackElo "1867"]
[Opening "Sicilian: Boleslavsky variation"]
[ECO "B58"]
[NIC "SI.25"]
[Time "11:00:44"]
[PlyCount "113"]
[TimeControl "3600+5"]

1. e4 c5 2. Nf3 d6 3. d4 cxd4 4. Nxd4 Nf6 5. Nc3 Nc6 6. Be2 e5 7. Nf3 h6 8.
O-O Be7 9. Re1 Be6 10. Bf1 O-O 11. Nd5 Bxd5 12. exd5 Nb4 13. c4 Na6 14. Nh4
Qd7 15. g3 Rab8 16. a4 Nh7 17. Nf3 f5 18. Be3 b6 19. a5 f4 20. gxf4 exf4 21.
Bd4 Nc7 22. Kh1 Bf6 23. axb6 axb6 24. Ra7 Ra8 25. Rb7 Rfb8 26. Rxb6 Rxb6 27.
Bxb6 Rb8 28. Bd4 Qf7 29. Bd3 Bxd4 30. Bxh7+ Kxh7 31. Qxd4 Rb3 32. Nd2 Rb8
33. Ne4 Qh5 34. Qd3 Qf5 35. Ng5+ Kg6 36. Ne6 Qxd3 37. Nxf4+ Kf6 38. Nxd3 Rb3
39. Re3 g5 40. Kg2 h5 41. h3 h4 42. Kf1 Na6 43. Ke1 Nb4 44. Nxb4 Rxb4 45. b3
Rb6 46. Kd2 Kf5 47. Rf3+ Ke4 48. Ke2 Kd4 49. Rd3+ Ke4 50. Re3+ Kf4 51. Rd3
Ke4 52. Kd2 Kf4 53. Kc3 g4 54. Rd4+ Kf3 55. Rxg4 Kxf2 56. Rxh4 Kg3 57. Rh6
{Black resigns}
1-0

[Event "ICC tourney 2803 (60 5)"]
[Site "Internet Chess Club"]
[Date "2022.01.22"]
[Round "1"]
[White "SHEEHAN, ETHAN THOMAS:Chessking2008"]
[Black "BANSAL, ADVAY:chessforme17"]
[Result "1-0"]
[ICCResult "Black resigns"]
[WhiteElo "2197"]
[BlackElo "1815"]
[Opening "Grünfeld: exchange, Spassky variation"]
[ECO "D87"]
[NIC "GI.05"]
[Time "11:04:37"]
[PlyCount "111"]
[TimeControl "3600+5"]

1. d4 Nf6 2. c4 g6 3. Nc3 d5 4. cxd5 Nxd5 5. e4 Nxc3 6. bxc3 Bg7 7. Bc4 c5
8. Ne2 O-O 9. O-O Nc6 10. Be3 b6 11. Qd2 Bb7 12. f3 cxd4 13. cxd4 e6 14.
Rac1 Rc8 15. Rfd1 Qd7 16. a3 Na5 17. Ba2 Ba6 18. d5 Nc4 19. dxe6 Qxe6 20.
Qb4 b5 21. a4 bxa4 22. Nf4 Qc6 23. Nd5 Qb5 24. Qxb5 Bxb5 25. Ne7+ Kh8 26.
Nxc8 Nxe3 27. Re1 Bd4 28. Kh1 Bf1 29. Rxf1 Nxf1 30. Nd6 Ne3 31. Nxf7+ Kg7
32. Ng5 Kh6 33. h4 Bb6 34. Rc6 Re8 35. g4 Kg7 36. Ne6+ Kh8 37. Kh2 Nf1+ 38.
Kg2 Nd2 39. e5 Nb3 40. f4 Nd4 41. Rxb6 axb6 42. Nxd4 Rd8 43. Nf3 b5 44. f5
gxf5 45. gxf5 b4 46. Bc4 b3 47. f6 b2 48. Ba2 Rf8 49. Kf2 h6 50. Ke3 a3 51.
Nd2 Kh7 52. h5 Kh8 53. e6 b1=Q 54. Nxb1 Kh7 55. e7 Rg8 56. Bxg8+ {Black
resigns} 1-0

[Event "ICC tourney 2803 (60 5)"]
[Site "Internet Chess Club"]
[Date "2022.01.22"]
[Round "2"]
[White "RAMASWAMY, PUDUR:clair"]
[Black "HO, COOPER:arsenicblast"]
[Result "0-1"]
[ICCResult "White resigns"]
[WhiteElo "1764"]
[BlackElo "1859"]
[Opening "Queen's pawn, Mason variation"]
[ECO "D00"]
[NIC "QP.08"]
[Time "14:00:12"]
[PlyCount "54"]
[TimeControl "3600+5"]

1. d4 d5 2. Bf4 Nf6 3. e3 e6 4. Nf3 Bd6 5. Bg3 O-O 6. Bd3 c5 7. c3 Qc7 8.
Nbd2 Nbd7 9. dxc5 Nxc5 10. Rc1 Nxd3+ 11. Ke2 Nxc1+ 12. Qxc1 Bxg3 13. hxg3 b6
14. Ng5 h6 15. Ngf3 Ba6+ 16. Ke1 e5 17. Rh4 Rfe8 18. b3 Rad8 19. c4 dxc4 20.
bxc4 Bb7 21. Kf1 Qd7 22. Qc3 Bxf3 23. Nxf3 Qd3+ 24. Qxd3 Rxd3 25. Ke2 Ra3
26. g4 Rxa2+ 27. Kf1 Ne4 {White resigns} 0-1

[Event "ICC tourney 2803 (60 5)"]
[Site "Internet Chess Club"]
[Date "2022.01.22"]
[Round "2"]
[White "Vikas, Hema:madscience08"]
[Black "WU, WILLIAM:K09-15782241"]
[Result "0-1"]
[ICCResult "White resigns"]
[WhiteElo "1407"]
[BlackElo "1875"]
[Opening "Ruy Lopez: fianchetto (Smyslov/Barnes) defense"]
[ECO "C60"]
[NIC "RL.03"]
[Time "14:00:26"]
[PlyCount "58"]
[TimeControl "3600+5"]

1. e4 e5 2. Nf3 Nc6 3. Bb5 g6 4. O-O Bg7 5. c3 Nge7 6. d4 exd4 7. cxd4 a6 8.
Ba4 b5 9. Bb3 d6 10. Bf4 O-O 11. Qd2 Bg4 12. Bh6 Bxh6 13. Qxh6 Bxf3 14. gxf3
Nxd4 15. Bd1 Nec6 16. Nc3 Ne6 17. f4 Ncd4 18. Kh1 f5 19. Rg1 fxe4 20. Bh5
Nf5 21. Rxg6+ hxg6 22. Qxg6+ Nfg7 23. Nxe4 Qe8 24. Nf6+ Rxf6 25. Qxf6 Qxh5
26. Rg1 Qf3+ 27. Rg2 Re8 28. Qg6 Ng5 29. Qb1 Nh3 {White resigns} 0-1

[Event "ICC tourney 2803 (60 5)"]
[Site "Internet Chess Club"]
[Date "2022.01.22"]
[Round "2"]
[White "HO, CARTER:corviknight"]
[Black "Chin, Spencer:Baseballchamp"]
[Result "1-0"]
[ICCResult "Black resigns"]
[WhiteElo "1932"]
[BlackElo "1801"]
[Opening "Sicilian: Kan, 5.Nc3"]
[ECO "B43"]
[NIC "SI.41"]
[Time "14:00:19"]
[PlyCount "65"]
[TimeControl "3600+5"]

1. e4 c5 2. Nf3 e6 3. d4 cxd4 4. Nxd4 a6 5. Nc3 Qc7 6. Qf3 Nf6 7. Qg3 Qxg3
8. hxg3 Bb4 9. f3 d5 10. e5 Nfd7 11. f4 Nc5 12. g4 Ne4 13. Bd2 Nxd2 14. Kxd2
Bc5 15. Nce2 Nd7 16. c3 Nb6 17. Ng3 Bd7 18. Bd3 Bxd4 19. cxd4 Bb5 20. b3 Ke7
21. Nh5 Bxd3 22. Kxd3 Nd7 23. g5 h6 24. Nxg7 hxg5 25. f5 Rxh1 26. Rxh1 exf5
27. Nxf5+ Ke6 28. g4 f6 29. Rh7 Nxe5+ 30. dxe5 Kxe5 31. Rxb7 Kf4 32. Ne3 d4
33. Rb4 {Black resigns} 1-0

[Event "ICC tourney 2803 (60 5)"]
[Site "Internet Chess Club"]
[Date "2022.01.22"]
[Round "2"]
[White "IVANOV, ALEXANDER:marble"]
[Black "REISS, AIDEN:K09-16581243"]
[Result "1-0"]
[ICCResult "Black checkmated"]
[WhiteElo "2396"]
[BlackElo "1817"]
[Opening "Sicilian"]
[ECO "B50"]
[NIC "SI.01"]
[Time "14:00:08"]
[PlyCount "111"]
[TimeControl "3600+5"]

1. e4 c5 2. Nf3 d6 3. c3 Nf6 4. Bd3 e5 5. Bc2 Bg4 6. h3 Bh5 7. d3 Nc6 8.
Nbd2 Be7 9. Nf1 d5 10. Ng3 Bg6 11. Nh4 O-O 12. Nxg6 hxg6 13. h4 dxe4 14.
dxe4 Qxd1+ 15. Kxd1 b5 16. Ke2 a5 17. a4 b4 18. Bd3 Ne8 19. Bc4 Nd6 20. Bd5
Rac8 21. h5 gxh5 22. Rxh5 Bf6 23. Bg5 Bxg5 24. Rxg5 Ne7 25. Rxe5 Nxd5 26.
Rxd5 Nc4 27. b3 Na3 28. Nf5 Rce8 29. f3 g6 30. Nd6 Re6 31. Kd3 Kg7 32. Nb5
Rh8 33. Nxa3 bxa3 34. Rxa3 Rh2 35. Ra2 Rc6 36. Kc4 Rh1 37. Rxc5 Rb6 38. Rxa5
Rd1 39. Rc5 Kf6 40. a5 Rbd6 41. e5+ Ke6 42. exd6 Rxd6 43. b4 f5 44. b5 f4
45. Rc6 g5 46. Kc5 g4 47. Rxd6+ Kf5 48. fxg4+ Kg5 49. a6 Kh4 50. a7 f3 51.
a8=Q f2 52. Qh8+ Kg5 53. Qf6+ Kxg4 54. Qf3+ Kh4 55. Ra4+ Kg5 56. Qg4#
{Black checkmated}
1-0

[Event "ICC tourney 2803 (60 5)"]
[Site "Internet Chess Club"]
[Date "2022.01.22"]
[Round "2"]
[White "LIANG, YU-CHENG:Yucheng"]
[Black "GU, MINGHAO:mancogu"]
[Result "1-0"]
[ICCResult "Black checkmated"]
[WhiteElo "1916"]
[BlackElo "1702"]
[Opening "QGD: Orthodox defense, classical, 13.d1c2 (Vidmar)"]
[ECO "D68"]
[NIC "QO.13"]
[Time "14:00:15"]
[PlyCount "71"]
[TimeControl "3600+5"]

1. d4 d5 2. c4 e6 3. Nc3 Nf6 4. Bg5 Be7 5. Nf3 c6 6. e3 O-O 7. Rc1 Nbd7 8.
Bd3 dxc4 9. Bxc4 Nd5 10. Bxe7 Qxe7 11. O-O Nxc3 12. Rxc3 e5 13. Qc2 e4 14.
Nd2 Nf6 15. Rc1 Bf5 16. Bb3 Rfd8 17. Rc5 Rd7 18. Rxf5 g6 19. Re5 Qd8 20.
Nxe4 Nxe4 21. Qxe4 a5 22. a4 Qc7 23. f4 Kg7 24. f5 Rf8 25. Rf1 f6 26. Re8
Rxe8 27. Qxe8 Rd8 28. Qe6 g5 29. Rc1 h6 30. d5 Qe5 31. Qxe5 fxe5 32. dxc6
bxc6 33. Rxc6 Rd2 34. f6+ Kf8 35. Rc8+ Rd8 36. Rxd8# {Black checkmated} 1-0